Map: Acropolis LE

Players

pHARM

  • Race: Zerg Zerg
  • League: Platinum
  • Spawn Location: 11:00

weHr - Winner!

  • Race: Terran Terran
  • League: Platinum
  • Spawn Location: 5:00

VOD

Have the link to the VOD?

Description

Time

  • Played on: Oct. 5, 2019, 11:32 p.m.
  • Length: 8:14
Show
View Real Time Build Order
Export as new Build Order

pHARM Zerg 

Build Orders: Hatch First 

Get SALT Encoding   

  12  0:01  Drone  
  13  0:12  Overlord  
  13  0:20  Drone  
  14  0:31  Drone x2  
  16  0:56  Hatchery  
  15  1:01  Drone x3  
  18  1:14  Drone  
  18  1:17  Spawning Pool  
  18  1:24  Drone  
  19  1:42  Drone  
  19  1:45  Extractor  
  19  1:46  Drone  
  20  1:56  Overlord  
  20  2:11  Zergling x4  
  20  2:12  Queen x2  
  26  2:30  Drone x3  
  28  3:00  Drone x5  
  33  3:08  Metabolic Boost  
  33  3:13  Pneumatized Carapace  
  33  3:28  Spine Crawler  
  31  3:45  Drone x5  
  31  3:46  Hatchery  
  34  3:57  Drone x2  
  34  3:59  Overlord x3  
  36  4:17  Queen  
  36  4:19  Drone x4  
  42  4:31  Drone x7  
  49  4:54  Extractor  
  49  4:56  Extractor  
  47  5:20  Zergling x8  
  47  5:21  Zergling x14  
  58  5:25  Overlord x3  
  58  5:38  Baneling Nest  
  58  5:40  Evolution Chamber  
  58  5:41  Evolution Chamber  
  55  5:46  Drone x6  
  61  5:57  Lair  
  61  6:22  Extractor  
  60  6:31  Baneling x16  
  60  6:32  Baneling x2  
  58  6:33  Zergling x10  
  58  6:34  Zergling x20  
  70  6:58  Overlord  
  70  6:59  Overlord x2  
  70  7:19  Hydralisk Den  
Show
View Real Time Build Order
Export as new Build Order

weHr Terran - Winner!

Build Orders: Reaper Expand 

Get SALT Encoding   

  12  0:01  SCV  
  13  0:13  SCV  
  14  0:17  Supply Depot  
  14  0:25  SCV  
  15  0:38  SCV  
  15  0:39  Barracks  
  16  0:45  Refinery  
  16  0:50  SCV  
  17  1:02  SCV  
  18  1:14  SCV  
  19  1:20  Barracks  
  19  1:27  Orbital Command  
  19  1:35  Reaper  
  20  1:56  Command Center  
  20  2:00  SCV  
  21  2:10  Supply Depot  
  21  2:19  Factory  
  21  2:31  SCV, Barracks Reactor  
  21  2:35  Refinery, Barracks Tech Lab  
  22  2:43  SCV  
  23  2:55  SCV  
  24  3:07  Factory Tech Lab  
  24  3:08  SCV  
  24  3:12  Orbital Command, Starport  
  25  3:18  Marine x2  
  25  3:19  Marine  
  28  3:20  SCV  
  29  3:34  SCV  
  29  3:36  Marine x2, Siege Tank  
  29  3:41  Marine  
  36  3:54  Marine x2  
  38  3:56  Starport Reactor  
  38  4:02  SCV  
  39  4:04  SCV  
  39  4:08  Marine  
  41  4:12  Marine  
  41  4:13  Barracks  
  41  4:14  SCV  
  41  4:16  SCV  
  44  4:19  Supply Depot  
  44  4:24  Marine  
  44  4:26  Marine  
  46  4:34  Supply Depot  
  46  4:40  SCV x2, Medivac x2  
  46  4:41  Stimpack  
  52  4:53  SCV x2  
  52  4:58  Refinery  
  54  5:01  Engineering Bay  
  54  5:02  Barracks Reactor, Engineering Bay  
  54  5:05  SCV x2  
  56  5:09  Refinery  
  56  5:17  SCV x2  
  56  5:20  Siege Tank  
  61  5:21  Marine  
  62  5:40  Supply Depot  
  62  5:59  Command Center  
  62  6:01  Supply Depot  
  62  6:02  Marine x3, SCV, Medivac x2  
  70  6:07  Terran Infantry Weapons Level 1  
  70  6:14  Terran Infantry Armor Level 1  
  70  6:22  Marine x4, SCV x2  
  70  6:23  Marine  
  76  6:34  SCV x2  
  78  6:42  Marine  
  78  6:44  Marine  
  78  6:58  Supply Depot  
  78  7:01  Supply Depot  
  78  7:10  Marine x4, Medivac  
  78  7:11  Siege Tank, SCV x2  
  78  7:15  Armory  
  89  7:19  Barracks  
  89  7:20  Factory  
  89  7:23  SCV  
  89  7:26  Barracks  
  89  7:27  Barracks  
  89  7:28  Marine  
  91  7:30  Supply Depot  
  91  7:31  Marine x4  
  95  7:44  Supply Depot x2  
  95  7:48  Marine  
  92  7:56  Marine x2  
  92  8:09  Supply Depot  
  92  8:10  Factory Tech Lab  
Tags
 
Add a new tag
Caveats
  • Supply blocks, unpowered buildings, or Contaminate may cause inaccurate times.
  • Supply counts are checked every 10 seconds.